 Dungeon Crawl Stone Soup version 0.25.0-15-gac7dcb8919 (webtiles) character file.

Game seed: 2453608490716706392

3293 EriolAelfwine the Grappler (level 9, -1/89 HPs)
             Began as a Troll Fighter on June 29, 2020.
             Was a Believer of Yredelemnul.
             Splashed by a jelly's acid (9 damage)
             ... on level 7 of the Dungeon.
             The game lasted 00:16:15 (5370 turns).

EriolAelfwine the Grappler (Troll Fighter)          Turns: 5370, Time: 00:16:16

Health: -1/89      AC: -2    Str: 29    XL:     9   Next: 69%
Magic:  8/8        EV: 11    Int:  4    God:    Yredelemnul [**....]
Gold:   439        SH: 11    Dex:  9    Spells: 8/8 levels left

rFire    . . .     SeeInvis .     - Unarmed
rCold    . . .     Gourm    +   b - +1 kite shield
rNeg     . . .     Faith    .   a - +0 robe
rPois    .         Spirit   .   (helmet restricted)
rElec    .         Reflect  .   (no cloak)
rCorr    .         Harm     .   (gloves unavailable)
MR       .....                  (boots unavailable)
Stlth    +.........             p - amulet of the acrobat
HPRegen  0.64/turn              o - +4 ring of protection
MPRegen  0.11/turn              (no ring)

@: lethally poisoned (-1 -> -1), corroded
A: large, unfitting armour, claws 3, fast metabolism 3, gourmand, regeneration
1, shaggy fur 1, tough skin 3
a: Animate Remains, Recall Undead Slaves, Injury Mirror, Renounce Religion


You were on level 7 of the Dungeon.
You worshipped Yredelemnul.
Yredelemnul was pleased with you.
You were very full.

You visited 2 branches of the dungeon, and saw 8 of its levels.

You collected 439 gold pieces.

Inventory:

Hand Weapons
 n - a +4 spear of flaming
Missiles
 l - 2 javelins (quivered)
Armour
 a - a +0 robe (worn)
 b - a +1 kite shield (worn)
Jewellery
 o - a +4 ring of protection (left claw)
 p - an amulet of the acrobat (around neck)
Scrolls
 e - 2 scrolls of fear
 f - 3 scrolls of teleportation
 h - a scroll of identify
 j - a scroll of remove curse
 k - 2 scrolls of immolation
 t - a scroll of amnesia
Potions
 c - 3 potions of might
 g - a potion of flight
 i - a potion of curing
 m - a potion of cancellation
 q - a potion of mutation
 s - a potion of brilliance
 u - 2 potions of resistance
Comestibles
 d - 14 rations


   Skills:
 + Level 5.7 Fighting
 + Level 5.7 Dodging
 + Level 5.6 Shields
 * Level 9.0 Unarmed Combat


You had 8 spell levels left.
You didn't know any spells.
Your spell library was empty.

Dungeon Overview and Level Annotations

Branches:
Dungeon (7/15)             Temple (1/1) D:5

Altars:
Ashenzari
Cheibriados
Dithmenos
Elyvilon
Fedhas
Gozag
Hepliaklqana
Kikubaaqudgha
Nemelex Xobeh
Okawaru
Trog
Uskayaw
Xom
Yredelemnul
Zin
The Shining One

Shops:
D:6 :?![:


Innate Abilities, Weirdness & Mutations

You are too large for most types of armour.
You have claws for hands.
Your metabolism is lightning-fast.
You like to eat raw meat.
Your natural rate of healing is unusually fast.
You are covered in fur. (AC +1)
You have extremely tough skin. (AC +3)


Message History

You feel sick. You block the jelly's attack.
You claw the jelly!
Your claws burn!
* * * LOW HITPOINT WARNING * * *
The jelly is severely wounded.
The jelly misses you.
You feel sick. You block the bullfrog zombie's attack. The jelly hits you.
* * * LOW HITPOINT WARNING * * *
You are splashed with acid!
* * * LOW HITPOINT WARNING * * *
You feel sick.
You feel sick. You block the bullfrog zombie's attack.
You feel sick.
There is a stone staircase leading up here.
The bullfrog zombie hits you but does no damage.
The jelly hits you.
* * * LOW HITPOINT WARNING * * *
The acid corrodes you!
You are splashed with acid!
You die...
Your body rises from the dead as a mindless zombie.

#### ... # #######
######.##.# #.....#
#...!.....#
###.....#####..J......#
.."............Z@.....#
###.....#####.........#
........).†...........#
#########.###########...
!..!...†....... #.
..####....#Z..# #....#
.# #....# ....##


You could see a jelly and a bullfrog zombie.

Vanquished Creatures
  Pikel (D:7)
  A wraith (D:6)
  2 orc warriors (D:6)
  An ice beast (D:6)
  A sky beast (D:5)
  3 slaves (D:7)
  2 centaurs (D:5)
  2 ogres
  5 bullfrogs
  2 wyvern zombies
  3 scorpions
  2 killer bees (D:7)
  5 wights (D:6)
  2 howler monkeys
  3 crimson imps
  4 hounds
  3 bullfrog skeletons
  2 orc priests (D:3)
  3 jellies
  2 orc wizards (D:6)
  A centaur skeleton (D:6)
  Jessica (D:2)
  2 iguanas (D:5)
  Natasha (twice) (D:2)
  7 worker ants
  A hound zombie (D:6)
  Robin (D:4)
  5 adders
  An adder zombie (D:5)
  An adder skeleton (D:5)
  A worm (D:6)
  6 dart slugs
  5 leopard geckos
  17 orcs
  3 ball pythons
  5 giant cockroaches
  14 goblins
  9 hobgoblins
  6 jackals
  4 quokkas
  12 bats
  5 frilled lizards
  A jackal skeleton (D:5)
  6 kobolds
  9 rats
174 creatures vanquished.

Notes
Turn   | Place    | Note
-------+----------+-------------------------------------------
     0 | D:1      | EriolAelfwine the Troll Fighter began the quest for the
                  | Orb.
     0 | D:1      | Reached XP level 1. HP: 22/22 MP: 0/0
   101 | D:1      | Reached XP level 2. HP: 23/29 MP: 1/1
   558 | D:1      | Reached XP level 3. HP: 36/36 MP: 2/2
   793 | D:2      | Reached skill level 3 in Unarmed Combat
   793 | D:2      | Reached XP level 4. HP: 44/44 MP: 3/3
   967 | D:2      | Noticed Natasha
   978 | D:2      | Killed Natasha
  1274 | D:2      | Noticed Jessica
  1277 | D:2      | Killed Jessica
  1277 | D:2      | Reached XP level 5. HP: 53/53 MP: 4/4
  1553 | D:2      | Noticed Natasha
  1557 | D:2      | Killed Natasha
  1884 | D:3      | Reached skill level 4 in Unarmed Combat
  2009 | D:3      | Reached XP level 6. HP: 19/61 MP: 5/5
  2788 | D:4      | Reached skill level 5 in Unarmed Combat
  2833 | D:4      | Noticed Robin
  2855 | D:4      | Reached XP level 7. HP: 62/68 MP: 6/6
  2884 | D:4      | Killed Robin
  3098 | D:4      | Found a blossoming altar of Fedhas.
  3245 | D:5      | Entered Level 5 of the Dungeon
  3291 | D:5      | Found a staircase to the Ecumenical Temple.
  3298 | Temple   | Entered the Ecumenical Temple
  3363 | Temple   | Became a worshipper of Yredelemnul the Dark
  3432 | D:5      | Noticed an angel
  3433 | D:5      | Found a glowing silver altar of Zin.
  3433 | D:5      | Found a shimmering altar of Xom.
  3789 | D:5      | Reached skill level 6 in Unarmed Combat
  3977 | D:5      | Reached XP level 8. HP: 65/78 MP: 7/7
  4374 | D:6      | Found Tifisiam's Antique Armour Shoppe.
  4383 | D:6      | Reached * piety under Yredelemnul
  4443 | D:6      | Found Qomm's Distillery.
  4484 | D:6      | Found Koaxt's Magic Scroll Emporium.
  4579 | D:6      | Reached skill level 7 in Unarmed Combat
  4672 | D:6      | Reached skill level 5 in Fighting
  4758 | D:6      | Reached skill level 5 in Dodging
  4758 | D:6      | Reached XP level 9. HP: 88/88 MP: 8/8
  4795 | D:6      | Reached skill level 5 in Shields
  4801 | D:6      | Reached skill level 8 in Unarmed Combat
  4803 | D:6      | Reached ** piety under Yredelemnul
  5071 | D:6      | Found Netauq's Book Boutique.
  5156 | D:6      | Found Ocudif's Book Emporium.
  5306 | D:7      | Noticed Pikel
  5324 | D:7      | Killed Pikel
  5355 | D:7      | Reached skill level 9 in Unarmed Combat
  5370 | D:7      | Splashed by a jelly's acid

Illustrated notes

Levels and vault maps discovered:
D:1:      saegor_arrival_simple_a, layout_basic, minmay_pentomino_q4
D:2:      layout_basic, first_ration, uniq_natasha, uniq_jessica
D:3:      layout_loops_ring
D:4:      layout_cave_pools, kennysheep_mini, uniq_robin
D:5:      layout_cave_pods, grunt_temple_overflow_order_and_chaos_1,
          minmay_temple_entry_hall, hex_tiny
D:6:      kennysheep_windowed_halls, layout_rooms,
          nicolae_overflow_hidden_temple, serial_shops, shop,
          nicolae_shop_crystal, shop, nicolae_shop_stone, nicolae_shop_crystal
D:7:      minmay_recursive_quarters, layout_basic,
          lightli_ossuary_entry_decrepit_ruins, tso_metal_star, uniq_pikel
Temple:   cyrus_circular_temple

Skill      XL: |  1  2  3  4  5  6  7  8  9 |
---------------+----------------------------+-----
Unarmed Combat | 3 4 5 6 7 9 |  9.0
Fighting       | 3 4 5 |  5.7
Dodging        | 3 4 5 |  5.7
Shields        | 3 4 5 |  5.6

Action                   |  1- 3 |  4- 6 |  7- 9 || total
-------------------------+-------+-------+-------++-------
Melee: Unarmed           |    95 |   160 |   305 ||   560
  Use: Scroll            |       |     7 |     9 ||    16
 Stab: Sleeping          |     1 |       |       ||     1
  Eat: Chunk             |    13 |    19 |    22 ||    54
Armor: Robe              |    51 |    34 |    67 ||   152
Dodge: Dodged            |    43 |    45 |   108 ||   196
Block: Kite shield       |    45 |    73 |   150 ||   268
